 Dungeon Crawl Stone Soup version 0.29.0-4-gdea44cf6ec (webtiles) character file.

Game seed: 12356353610915980270

33 qw the Chopper (level 3, -3/21 HPs)
             Began as a Tengu Warper on Aug 28, 2022.
             Slain by a goblin
             ... wielding a +0 club
             ... led by Robin
              (4 damage)
             ... on level 2 of the Dungeon.
             The game lasted 00:00:05 (972 turns).

qw the Chopper (Tengu Warper)                        Turns: 972, Time: 00:00:06

Health: -3/21      AC:  8    Str: 13    XL:     3   Next: 29%
Magic:  7/7        EV:  6    Int: 13    God:
Gold:   16         SH:  0    Dex: 13    Spells: 6/6 levels left

rFire   . . .      SeeInvis .   Y - +0 hand axe
rCold   . . .      Faith    .   (no shield)
rNeg    . . .      Spirit   .   e - +0 chain mail
rPois   .          Reflect  .   (helmet restricted)
rElec   .          Harm     .   (no cloak)
rCorr   .          Rampage  .   (no gloves)
Will    .....                   (boots unavailable)
Stlth   ..........              (no amulet)
HPRegen 0.07/turn               (no ring)
MPRegen 0.10/turn               (no ring)

@: no status effects
A: beak, talons 3
a: no special abilities


You were on level 2 of the Dungeon.
You visited 1 branch of the dungeon, and saw 2 of its levels.

You collected 16 gold pieces.


Innate Abilities, Weirdness & Mutations

You have a beak for a mouth.
You have claws for feet.


   Skills:
 - Level 2.0 Fighting
 + Level 4.0 Axes
 - Level 1.0 Throwing
 - Level 1.1 Armour
 - Level 2.1 Dodging
 - Level 2.0 Spellcasting
 - Level 2.4 Translocations


You had 6 spell levels left.
You didn't know any spells.
Your spell library contained the following spells:

 Spells                   Type           Power      Damage    Failure   Level
 Blink                    Tloc           14%        N/A       99%         2
 Gell's Gravitas          Tloc           7%         N/A       100%        3
 Lesser Beckoning         Tloc           7%         N/A       100%        3
 Teleport Other           Tloc           7%         N/A       100%        3
 Manifold Assault         Tloc           7%         N/A       100%        5

Inventory:

Hand Weapons
 g - a +0 whip
 Y - a +0 hand axe (weapon)
Armour
 e - a +0 chain mail (worn)
Scrolls
 a - 2 scrolls of poison {unknown}
 b - a scroll of identify

Dungeon Overview and Level Annotations

Branches:
Dungeon (2/15)

Altars:

Annotations:
D:2 1 runed translucent door, Crazy Yiuf, Robin


Message History

Robin is severely wounded.
Robin roars a battlecry!
The goblins go into a battle-frenzy!
A goblin comes into view. It is wielding a +0 club.
The goblin shouts!
You hear a shout!
You hit Robin but do no damage. Your kick misses Robin.
Robin is severely wounded.
Robin closely misses you.
You barely miss Robin. Your kick misses Robin.
Robin is severely wounded.
You closely miss the goblin. Robin hits you with a +0 falchion.
A hobgoblin comes into view.
You barely miss Robin. Your peck misses Robin.
Robin is severely wounded.
You barely miss the goblin. You completely miss the goblin.
Robin hits you with a +0 falchion. The goblin hits you with a +0 club.
You hit Robin but do no damage.
Robin is severely wounded.
You hit the goblin but do no damage. You hit the goblin.
The goblin no longer looks unusually strong.
Robin throws the goblin at you! The goblin hits you but does no damage.
The goblin hits you with a +0 club. The goblin barely misses you.
You hit Robin.
Robin is almost dead.
You hit the goblin but do no damage. You hit the goblin.
You kill the goblin!
You miss the goblin. Robin throws the goblin at you!
The goblin hits you but does no damage. x2
The goblin hits you with a +0 club. The goblin barely misses you.
Robin throws the goblin at you! The goblin barely misses you. x2
You hit Robin but do no damage. Your peck misses Robin.
Robin is almost dead.
You hit the goblin. You barely miss the goblin. x2
The hobgoblin no longer looks unusually strong.
The goblin hits you but does no damage.
Robin roars a battlecry!
The goblins go into a battle-frenzy!
The goblin hits you with a +0 club.
You die...

####### # #.....#
###.####.!...###.#
#### ..
...#)g.......# ...#
#.##.#.g@g.# ##.#
#.....)g)g.# .#.#
####.####### .#.#
#...# .#.# #...#
...### #...# .....#
#...# .....# #...#
.%...######...###.#


You could see Robin, a hobgoblin (strong) and 3 goblins.

Vanquished Creatures
  4 endoplasms
  2 giant cockroaches (D:1)
  7 goblins
  3 hobgoblins
  A quokka (D:2)
  4 ball pythons (D:1)
  4 bats (D:1)
  A kobold (D:1)
  4 rats (D:1)
30 creatures vanquished.

Notes
Turn   | Place    | Note
-------+----------+-------------------------------------------
     0 | D:1      | qw the Tengu Warper began the quest for the Orb.
     0 | D:1      | Reached XP level 1. HP: 12/12 MP: 4/4
     0 | D:1      | 0 ||| qw: Version: 0.1-a-89-g26bdef1
     0 | D:1      | 0 ||| qw: Game counter: 2969
     0 | D:1      | 0 ||| qw: Always use a shield: true
     0 | D:1      | 0 ||| qw: God list: Okawaru
     0 | D:1      | 0 ||| qw: Allow faded altars: false
     0 | D:1      | 0 ||| qw: Do Orc after D:15 true
     0 | D:1      | 0 ||| qw: Do second Lair branch before Depths: true
     0 | D:1      | 0 ||| qw: Lair rune preference: random
     0 | D:1      | 0 ||| qw: Plans: Normal
     0 | D:1      | 0 ||| PLANNING D:1-11
   117 | D:1      | 117 ||| Stepping ~*~*~tactically~*~*~ (stealth).
   331 | D:1      | Reached XP level 2. HP: 17/17 MP: 6/6
   336 | D:1      | Reached skill level 3 in Axes
   517 | D:1      | 517 ||| Stepping ~*~*~tactically~*~*~ (stealth).
   519 | D:1      | 519 ||| Stepping ~*~*~tactically~*~*~ (stealth).
   573 | D:1      | 573 ||| DROPPING +0 club.
   750 | D:1      | 750 ||| UPGRADING to +0 chain mail.
   760 | D:1      | 760 ||| DROPPING +0 leather armour.
   761 | D:1      | 761 ||| READING scroll labelled BOUKEA MORR.
   762 | D:1      | 762 ||| DROPPING scroll of blinking.
   784 | D:2      | Reached XP level 3. HP: 21/21 MP: 7/7
   811 | D:2      | Found a runed translucent door.
   812 | D:2      | Noticed Crazy Yiuf
   958 | D:2      | Noticed Robin
   964 | D:2      | Reached skill level 4 in Axes
   969 | D:2      | HP: 4/21 [goblin/+0 club[Robin] (5)]
   971 | D:2      | HP: 1/21 [goblin/+0 club[Robin] (1)]
   972 | D:2      | Slain by a goblin

Levels and vault maps discovered:
D:1:      ebering_trefoil_3fold, layout_basic
D:2:      layout_loops_cross, uniq_jessica, uniq_crazy_yiuf_cottage, uniq_robin

Skill      XL: |  1  2  3 |
---------------+----------+-----
Axes           | 3 4 |  4.0
Fighting       | |  2.0
Throwing       | |  1.0
Armour         | |  1.1
Dodging        | |  2.1
Spellcasting   | |  2.0
Translocations | |  2.4

Action                   || total
-------------------------++-------
Melee: Hand axe          ||    54
       Peck              ||     5
       Kick              ||    12
Throw: Boomerang         ||     7
  Use: Scroll            ||     1
Armor: Leather armour    ||     6
       Chain mail        ||     8
Dodge: Dodged            ||    25

Table legend:
 A = Non-vault XP
 B = Vault XP
 C = Vault XP percentage of total XP
 D = Non-vault monster count
 E = Vault monster count
 F = Vault count percentage of total count
                 A         B        C        D         E       F
            +---------+---------+-------+---------+---------+-------
      Total |      39 |       9 |  18.8 |      25 |       5 |  16.7
            +---------+---------+-------+---------+---------+-------
        D:1 |      33 |       0 |   0.0 |      22 |       0 |   0.0
        D:2 |       6 |       9 |  60.0 |       3 |       5 |  62.5
            +---------+---------+-------+---------+---------+-------
